 Dungeon Crawl Stone Soup version 0.27.0-1-g7a089689b8 (webtiles) character file.

Game seed: 10585024195479335490

6652 unlimited1921 the Fighter (level 10, -2/104 HPs)
             Began as a Minotaur Fighter on Aug 1, 2021.
             Was a Believer of Qazlal.
             Succumbed to a meliai's poison
             ... on level 9 of the Dungeon.
             The game lasted 01:45:14 (11311 turns).

unlimited1921 the Fighter (Minotaur Fighter)       Turns: 11311, Time: 01:45:15

Health: -2/104     AC: 14    Str: 24    XL:     10   Next: 73%
Magic:  9/9        EV: 15    Int:  5    God:    Qazlal [**....]
Gold:   159        SH: 13    Dex: 10    Spells: 9/9 levels left

rFire    . . .     SeeInvis .   X - +0 scimitar
rCold    . . .     Faith    .   c - +0 kite shield
rNeg     . . .     Spirit   .   S - +3 ring mail {rPois}
rPois    +         Reflect  .   w - +2 hat
rElec    .         Harm     .   (no cloak)
rCorr    .         Rampage  .   q - +0 pair of gloves
Will     .....                  K - +1 pair of boots
Stlth    +.........             (no amulet)
HPRegen  0.27/turn              m - +4 ring of evasion
MPRegen  0.11/turn              (no ring)

@: lethally poisoned (-2 -> -27), about to teleport
A: horns 2, retaliatory headbutt
a: Renounce Religion, Upheaval


You were on level 9 of the Dungeon.
You worshipped Qazlal.
Qazlal was pleased with you.
You visited 1 branch of the dungeon, and saw 9 of its levels.

You collected 449 gold pieces.
You spent 290 gold pieces at shops.

Inventory:

Hand Weapons
 a - a +0 long sword
 e - a +0 whip
 j - a +0 spear
 s - a +0 spear
 v - a +0 shortbow
 D - a +0 flail of venom
 H - a +3 hunting sling
 M - a +1 mace of protection
 X - a +0 scimitar (weapon)
Missiles
 d - 116 bolts
 f - 208 stones
 o - 5 throwing nets
 t - 73 arrows
 u - 17 poisoned darts (quivered)
 I - 2 silver boomerangs
 J - 46 sling bullets
 U - a curare-tipped dart
 W - 2 boomerangs of dispersal
Armour
 b - a +0 scale mail
 c - a +0 kite shield (worn)
 q - a +0 pair of gloves (worn)
 w - a +2 hat (worn)
 z - a +0 chain mail
 K - a +1 pair of boots (worn)
 S - a +3 ring mail of poison resistance (worn)
Magical Staves
 k - a staff of air
Jewellery
 m - a +4 ring of evasion (left hand)
 Q - a ring of ice
Wands
 G - a wand of digging (4)
 R - a wand of acid (7)
 T - a wand of paralysis (3)
Scrolls
 h - 2 scrolls of teleportation
 i - a scroll of identify
 l - 2 scrolls of magic mapping
 p - a scroll of brand weapon {unknown}
 r - a scroll of fog {unknown}
 y - 2 scrolls of amnesia
 C - a scroll of summoning {unknown}
 F - a scroll of noise {unknown}
 L - a scroll of silence {unknown}
 N - a scroll of blinking {unknown}
 P - a scroll of torment {unknown}
Potions
 n - a potion of curing
 x - a potion of magic
 A - 2 potions of brilliance
 B - a potion of ambrosia {unknown}
 E - a potion of invisibility {unknown}
 O - a potion of mutation {unknown}
 V - a potion of lignification {unknown}


   Skills:
 * Level 14.5 Fighting
 - Level 4.1 Long Blades
 - Level 2.2 Throwing
 - Level 6.3 Armour
 + Level 9.1 Dodging
 + Level 2.2 Stealth
 - Level 4.3 Shields
 + Level 0.4 Evocations


You had 9 spell levels left.
You didn't know any spells.
Your spell library contained the following spells:

 Spells                   Type           Power      Damage    Failure   Level
 Magic Dart               Conj           0%         1d3       97%         1
 Searing Ray              Conj           0%         3d3       99%         2
 Slow                     Hex            0%         N/A       99%         2
 Sublimation of Blood     Necr           0%         N/A       99%         2
 Confusing Touch          Hex            0%         N/A       100%        3
 Fulminant Prism          Conj/Hex       0%         3d6       100%        4
 Petrify                  Tmut/Erth      0%         N/A       100%        4
 Irradiate                Conj/Tmut      0%         3d14      100%        5
 Yara's Violent Unravell  Hex/Tmut       0%         3d3       100%        5


Dungeon Overview and Level Annotations

Branches:
Dungeon (9/15)             Temple (0/1) D:5
   Lair: D:8-11         Orc: D:9-12

Altars:
Ashenzari
Cheibriados
Dithmenos
Elyvilon
Fedhas
Hepliaklqana
Makhleb
Okawaru
Qazlal
Sif Muna
Uskayaw
Wu Jian
Yredelemnul
Beogh

Shops:
D:4 !   D:6 *

Annotations:
D:6 2 transporters, pikapanic's ghost, novice PaFi


Innate Abilities, Weirdness & Mutations

You have a pair of horns on your head.
You reflexively headbutt those who attack you in melee.


Message History

You block the meliai's attack. The meliai hits you with a +0 war axe!
* * * LOW HITPOINT WARNING * * *
The meliai stings you but does no damage.
The meliai calls down the wrath of its god upon you.
Something smites you!
* * * LOW HITPOINT WARNING * * *
You feel much better.
The meliai calls down the wrath of its god upon you.
Something smites you! The meliai hits you with a +0 war axe.
The meliai closely misses you. The meliai hits you with a +0 war axe!
* * * LOW HITPOINT WARNING * * *
You block the meliai's attack. x2
The meliai stings you but does no damage.
The meliai misses you. You furiously retaliate!
You headbutt the meliai, but do no damage.
The meliai barely misses you.
You feel much better. The meliai hits you with a +0 war axe!
You block the meliai's attack. x3; The meliai closely misses you.
You block the meliai's attack. The meliai barely misses you.
The meliai stings you. The meliai closely misses you.
You riposte.
You closely miss the meliai. The meliai misses you.
The meliai hits you with a +0 hand axe. The meliai stings you!
* * * LOW HITPOINT WARNING * * *
Press: ? - help, v - describe, . - travel
Here: a meliai, wielding a +0 war axe and wearing a +0 leather armour The floor.
As you read the scroll of teleportation, it crumbles to dust.
You feel strangely unstable. The meliai closely misses you.
The meliai completely misses you. You block the meliai's attack. x2
The meliai completely misses you. You block the meliai's attack.
The meliai mumbles some strange prayers to its god against you.
Something smites you!
* * * LOW HITPOINT WARNING * * *
The meliai misses you. The meliai stings you!
* * * LOW HITPOINT WARNING * * *
You are lethally poisoned!
The meliai poisons you! The meliai hits you with a +0 hand axe.
* * * LOW HITPOINT WARNING * * *
The meliai stings you but does no damage.
You die...

................................
.........................[......
..................##############
################..# # #..# #
#..# ##### #
################..###...# #
.............yy.....)...########
.............y.@................
.........##########....#########
#######..# #....# #..# ######
#..# #..# ########### ....
........... .... ...........
...........


You could see 3 meliai.

Vanquished Creatures
  Harold (D:8)
  A two-headed ogre (D:9)
  A gargoyle (D:8)
  A hornet (D:7)
  A wyvern (D:8)
  3 yaks (D:9)
  A wraith (D:9)
  A human (shapeshifter) (D:8)
  5 humans (D:6)
  A basilisk (shapeshifter) (D:9)
  A steam dragon (D:9)
  3 orc warriors
  An ice beast (D:7)
  A black bear (D:7)
  A hornet zombie (D:9)
  A sky beast (D:5)
  5 necrophages
  2 centaurs
  A wyvern zombie (D:8)
  A kobold brigand (D:8)
  A bullfrog (D:7)
  3 water moccasin zombies (D:5)
  5 killer bees
  3 wights (D:9)
  4 howler monkeys
  5 centaur zombies
  2 hounds (D:6)
  A jelly (D:7)
  2 orc priests
  A gnoll shaman (D:4)
  An iguana (D:4)
  Terence (D:2)
  A scorpion zombie (D:4)
  4 orc wizards
  3 mummies
  9 howler monkey zombies
  8 gnolls
  A howler monkey skeleton (D:7)
  7 adders
  2 white imps
  3 dart slugs
  14 orcs
  7 bats
  7 endoplasms
  6 giant cockroaches
  8 goblins
  5 hobgoblins
  7 jackals
  5 quokkas
  3 ball pythons
  A frilled lizard (D:3)
  2 hobgoblin zombies (D:5)
  11 kobolds
  2 orc zombies (D:5)
  4 rats
182 creatures vanquished.

Vanquished Creatures (others)
  An orc wizard (D:9)
  6 plants (D:6)
  9 withered plants (D:9)
16 creatures vanquished.

Grand Total: 198 creatures vanquished

Notes
Turn   | Place    | Note
-------+----------+-------------------------------------------
     0 | D:1      | unlimited1921 the Minotaur Fighter began the quest for the
                  | Orb.
     0 | D:1      | Reached XP level 1. HP: 19/19 MP: 0/0
   157 | D:1      | Reached skill level 4 in Fighting
   352 | D:1      | Reached XP level 2. HP: 24/27 MP: 1/1
   409 | D:1      | You fall into a shaft and drop 1 floor!
   712 | D:1      | Found a faded altar of an unknown god.
   998 | D:2      | Reached XP level 3. HP: 33/34 MP: 2/2
  1151 | D:2      | Noticed Terence
  1436 | D:2      | Killed Terence
  1899 | D:2      | Reached XP level 4. HP: 41/41 MP: 3/3
  2178 | D:3      | Found a white marble altar of Elyvilon.
  2758 | D:3      | Reached XP level 5. HP: 38/47 MP: 4/4
  3236 | D:3      | Found a blossoming altar of Fedhas.
  3236 | D:3      | Found a shadowy altar of Dithmenos.
  3327 | D:4      | Found a stormy altar of Qazlal.
  3330 | D:4      | Noticed an air elemental
  3331 | D:4      | Noticed a fire elemental
  3331 | D:4      | Noticed a water elemental
  3342 | D:4      | Became a worshipper of Qazlal Stormbringer
  3785 | D:4      | Reached skill level 5 in Fighting
  3785 | D:4      | Reached skill level 5 in Armour
  3785 | D:4      | Reached skill level 1 in Dodging
  4253 | D:4      | Noticed a centaur
  4260 | D:4      | Killed a centaur
  4261 | D:4      | Reached XP level 6. HP: 55/56 MP: 5/5
  4478 | D:4      | Found Muusaqov's Distillery.
  4611 | D:4      | Bought 2 potions of heal wounds for 100 gold pieces
  4684 | D:4      | Found a shimmering blue altar of Sif Muna.
  4735 | D:5      | Entered Level 5 of the Dungeon
  4761 | D:5      | Reached skill level 6 in Fighting
  4761 | D:5      | Reached XP level 7. HP: 59/63 MP: 6/6
  4796 | D:5      | Found a staircase to the Ecumenical Temple.
  4900 | D:5      | Reached skill level 1 in Throwing
  5244 | D:5      | Reached skill level 7 in Fighting
  5345 | D:5      | Reached * piety under Qazlal
  5524 | D:6      | Found a transporter.
  5567 | D:6      | Found a transporter.
  5598 | D:6      | Noticed pikapanic's ghost (novice PaFi)
  5757 | D:6      | Found an ornate altar of the Wu Jian Council.
  5766 | D:6      | Found a burning altar of Makhleb.
  5777 | D:6      | Found a broken altar of Ashenzari.
  5788 | D:6      | Found an iron altar of Okawaru.
  5796 | D:6      | Found a hide-covered altar of Uskayaw.
  5803 | D:6      | Found a snail-covered altar of Cheibriados.
  5811 | D:6      | Found a hazy altar of Hepliaklqana.
  5863 | D:6      | Noticed a human
  5863 | D:6      | Noticed a human
  5864 | D:6      | Noticed a human
  5886 | D:6      | Killed a human
  5887 | D:6      | Reached skill level 8 in Fighting
  5887 | D:6      | Reached XP level 8. HP: 64/74 MP: 7/7
  6001 | D:6      | Reached skill level 9 in Fighting
  6551 | D:6      | Reached skill level 10 in Fighting
  6551 | D:6      | Reached skill level 5 in Dodging
  6551 | D:6      | Reached skill level 1 in Stealth
  6756 | D:6      | Found Yruyxt's General Store.
  6759 | D:6      | Bought a scroll of enchant armour for 75 gold pieces
  6759 | D:6      | Bought a +1 pair of boots for 115 gold pieces
  7168 | D:7      | Reached XP level 9. HP: 73/86 MP: 8/8
  7788 | D:7      | Reached skill level 11 in Fighting
  8312 | D:8      | Noticed Harold
  8336 | D:8      | Killed Harold
  8337 | D:8      | Reached skill level 12 in Fighting
  8812 | D:8      | Noticed a gargoyle
  8824 | D:8      | Killed a gargoyle
  8903 | D:8      | Reached XP level 10. HP: 100/100 MP: 9/9
  8908 | D:8      | Reached skill level 13 in Fighting
  8914 | D:8      | Reached ** piety under Qazlal
  9998 | D:9      | Found a basalt altar of Yredelemnul.
 10106 | D:9      | Noticed a salamander
 10106 | D:9      | a meliai changed into a salamander
 10116 | D:9      | a salamander changed into a komodo dragon
 10137 | D:9      | Noticed a guardian serpent
 10137 | D:9      | a meliai changed into a guardian serpent
 10143 | D:9      | a guardian serpent changed into something unseen
 10804 | D:9      | Reached skill level 14 in Fighting
 11104 | D:9      | Noticed a two-headed ogre
 11126 | D:9      | Killed a two-headed ogre
 11310 | D:9      | HP: 4/104 [meliai (2)]
 11311 | D:9      | Succumbed to a meliai's poison

Illustrated notes

Levels and vault maps discovered:
D:1:      eino_arrival_druids_welcome, layout_basic,
          hellmonk_ecumenical_altar_defaced_shrine
D:2:      layout_loops_corners, minmay_tromino_v4_c, uniq_terence
D:3:      layout_basic, mainiacjoe_overflow_small_starburst,
          gammafunk_temple_overflow_wave, grunt_ministairs_1
D:4:      minmay_inner_zag, layout_loops_ring, nicolae_qazlal_style_of_elements,
          lemuel_blue_sif_altar, serial_shops, shop,
          hangedman_abyss_or_decor_stabs
D:5:      layout_rooms, minmay_temple_entry_arrows, minmay_mini_ossuary
D:6:      layout_loops_ring, grunt_temple_overflow_octagram,
          gammafunk_ghost_gnarly_gnolls, serial_shops, kennysheep_mini,
          minmay_ruffians
D:7:      layout_cave_pods
D:8:      layout_cave_pools, uniq_harold
D:9:      layout_long_grid, nicolae_yredelemnul_corpse_copse, serial_undead,
          serial_undead_d, serial_undead_b, serial_undead_b, serial_undead_f,
          serial_undead_d, serial_undead_f

Skill      XL: |  1  2  3  4  5  6  7  8  9 10 |
---------------+-------------------------------+-----
Fighting       | 4 5 6 8 10 12 14 | 14.5
Armour         | 4 5 6 |  6.3
Long Blades    | 3 4 |  4.1
Shields        | 4 |  4.3
Dodging        | 1 2 3 5 7 9 |  9.1
Throwing       | 2 |  2.2
Stealth        | 1 2 |  2.2
Evocations     | |  0.4

Action                   |  1- 3 |  4- 6 |  7- 9 | 10-12 || total
-------------------------+-------+-------+-------+-------++-------
Melee: Long sword        |    73 |   159 |   236 |   115 ||   583
       Headbutt          |    12 |    33 |    56 |    65 ||   166
       Scimitar          |       |       |       |    71 ||    71
Throw: Stone             |     1 |     5 |       |       ||     6
       Dart              |       |    12 |   118 |    40 ||   170
Evoke: Wand              |       |       |     1 |     3 ||     4
  Use: Potion            |     1 |     1 |     3 |     3 ||     8
       Scroll            |       |     3 |     2 |     3 ||     8
Armor: Scale mail        |    33 |    75 |    71 |       ||   179
       Ring mail         |       |       |    13 |    62 ||    75
Dodge: Dodged            |    20 |    93 |   104 |   126 ||   343
Block: Kite shield       |    37 |   103 |   156 |   176 ||   472
       Rpst.: Long sword |     6 |    21 |    29 |    20 ||    76
       Scimitar          |       |       |       |     6 ||     6
